 Dungeon Crawl Stone Soup version 0.20.1-1-g8b1a95d (webtiles) character file.

116 dohliylev the Covert (level 4, 0/33 HPs)
             Began as a Vampire Assassin on Dec 4, 2017.
             Slain by a jackal (3 damage)
             ... on level 3 of the Dungeon.
             The game lasted 00:03:28 (1433 turns).

dohliylev the Covert (Vampire Assassin)             Turns: 1433, Time: 00:03:29

Health: 0/33       AC:  3    Str: 10    XL:     4   Next: 70%
Magic:  4/4        EV: 12    Int: 13    God:
Gold:   122        SH:  0    Dex: 16    Spells: 3/3 levels left

rFire    . . .     SeeInvis +   j - +0 short sword (venom)
rCold    . . .     Gourm    .   (no shield)
rNeg     + . .     Faith    .   c - +0 robe
rPois    .         Spirit   .   (no helmet)
rElec    .         Reflect  .   d - +0 cloak
rCorr    .         Harm     .   (no gloves)
MR       .....                  (no boots)
Stlth    ++++......             (no amulet)
Regen    0.2/turn               (no ring)
MPRegen  0.1/turn               (no ring)

@: no status effects
A: fangs 3, see invisible, unbreathing
a: Bat Form


You were on level 3 of the Dungeon.
You were not thirsty.

You visited 1 branch of the dungeon, and saw 3 of its levels.

You collected 122 gold pieces.

Inventory:

Hand Weapons
 b - a +0 blowgun
 j - a +0 short sword of venom (weapon)
Missiles
 e - 23 poisoned needles
 f - 2 curare-tipped needles
Armour
 c - a +0 robe (worn)
 d - a +0 cloak (worn)
Scrolls
 a - a scroll of enchant armour {unknown}
 h - a scroll of noise {unknown}
 i - a scroll of teleportation {unknown}
 k - 3 scrolls of remove curse {unknown}
 p - 2 scrolls of identify {unknown}
 q - a scroll of immolation {unknown}
Potions
 g - 2 potions of blood
 l - a potion of flight {unknown}
 m - a potion of agility {unknown}
 n - a potion of haste {unknown}
 o - a potion of cancellation {unknown}
 r - a potion of degeneration {unknown}


   Skills:
 - Level 1.7 Fighting
 - Level 2.1 Short Blades
 - Level 1.5 Throwing
 + Level 1.5 Dodging
 + Level 9.1 Stealth


You had 3 spell levels left.
You didn't know any spells.

Dungeon Overview and Level Annotations

Branches:
Dungeon (3/15)

Altars:


Innate Abilities, Weirdness & Mutations

You have razor-sharp teeth.
You have supernaturally acute eyesight. (SInv)
You can survive without breathing.


Message History

The jackal bites you but does no damage.
You hit the quokka.
The quokka is moderately wounded.
The quokka bites you.
* * * LOW HITPOINT WARNING * * *
The jackal bites you.
* * * LOW HITPOINT WARNING * * *
You closely miss the quokka. Your bite misses the quokka.
The quokka is moderately wounded.
The jackal misses you. The quokka bites you.
* * * LOW HITPOINT WARNING * * *
The jackal misses you. The quokka barely misses you.
You barely miss the jackal. Your bite misses the jackal.
The jackal is severely wounded.
The jackal bites you.
* * * LOW HITPOINT WARNING * * *
The quokka bites you but does no damage.
The jackal bites you.
You die...

. .........#.....#)#
..###........#.....#.#
.................>...#
#............#.....#.#
#............# .... .#
#.....†......###.###.#
#....................#
#........hr.#........######
#.........@................
#...........#.......#######
#...........#.......)......
#...........#.......#######
#...........####.####
#####+###### #.# #.# #.#
#.#


You could see a quokka and a jackal.

Vanquished Creatures
  An orc priest (D:3)
  Terence (D:2)
  3 adders (D:2)
  A worm (D:2)
  An orc (D:3)
  A giant cockroach (D:1)
  5 goblins
  A hobgoblin (D:3)
  3 jackals (D:3)
  A ball python (D:2)
  5 bats
  3 frilled lizards
  3 kobolds
  9 rats
38 creatures vanquished.

Notes
Turn   | Place    | Note
-------+----------+-------------------------------------------
     0 | D:1      | dohliylev the Vampire Assassin began the quest for the Orb.
     0 | D:1      | Reached XP level 1. HP: 16/16 MP: 1/1
    21 | D:1      | Reached skill level 6 in Stealth
   200 | D:1      | Reached XP level 2. HP: 22/22 MP: 2/2
   418 | D:2      | Noticed Terence
   435 | D:2      | Killed Terence
   435 | D:2      | Reached skill level 7 in Stealth
   435 | D:2      | Reached XP level 3. HP: 4/27 MP: 3/3
   752 | D:2      | Reached skill level 8 in Stealth
   903 | D:2      | Reached XP level 4. HP: 28/33 MP: 4/4
  1068 | D:2      | Found a faded altar of an unknown god.
  1356 | D:3      | Reached skill level 9 in Stealth
  1433 | D:3      | Slain by a jackal

Skill      XL: |  1  2  3  4 |
---------------+-------------+-----
Stealth        | 6 7 8 9 |  9.1
Fighting       | |  1.7
Short Blades   | |  2.1
Throwing       | |  1.5
Dodging        | |  1.5

Action                   |  1- 3 |  4- 6 || total
-------------------------+-------+-------++-------
Melee: Dagger            |    13 |       ||    13
       Short sword       |    52 |    39 ||    91
       Bite              |     8 |     1 ||     9
 Stab: Sleeping          |     6 |     5 ||    11
  Eat: Corpse            |     1 |     4 ||     5
Armor: Robe              |    17 |    17 ||    34
Dodge: Dodged            |    50 |    24 ||    74
